 Dungeon Crawl Stone Soup version 0.16-a0-4023-g001212b (webtiles) character file.

182 Sachiko the Covert (level 5, 0/24 HPs)
             Began as a Spriggan Enchanter on Feb 18, 2015.
             Slain by a river rat (4 damage)
             ... in a sewer.
             The game lasted 00:15:21 (1733 turns).

Sachiko the Covert (Spriggan Enchanter)             Turns: 1733, Time: 00:15:23

Health: 0/24       AC:  4    Str:  5    XL:     5   Next: 34%
Magic:  5/14       EV: 18    Int: 16    God:
Gold:   83         SH:  0    Dex: 17    Spells: 3 memorised, 3 levels left

rFire  . . .     SeeInvis +     a - +2 dagger
rCold  . . .     Clarity  .     b - +2 robe
rNeg   . . .     SustAb   .     (shield restricted)
rPois  .         Gourm    .     (helmet restricted)
rElec  .         Spirit   .     (no cloak)
rCorr  .         Warding  .     (gloves unavailable)
rMut   .         Stasis   .     (boots unavailable)
MR     .....                    (no amulet)
Stlth  +++++.....               (no ring)
                                (no ring)

@: very slightly contaminated, constricted, very quick, not resistant to hostile
enchantments, quite stealthy
A: unfitting armour, see invisible, herbivore 3, speed 3, slow metabolism 2
a: no special abilities


You were in a sewer.
You were very hungry.

You visited 1 branch of the dungeon, and saw 3 of its levels.
You also visited: Sewer.

You collected 83 gold pieces.

Inventory:

Hand weapons
 a - a +2 dagger (weapon)
Armour
 b - a +2 robe (worn)
Scrolls
 e - a scroll of enchant weapon
 g - a scroll of amnesia
 h - 2 scrolls of magic mapping
 k - a scroll of fog
Books
 c - a book of Maledictions

   Spells                             Type                      Level
   a - Corona                         Hexes                        1
   b - Sure Blade                     Hexes/Charms                 2
   c - Ensorcelled Hibernation        Hexes/Ice                    2
   d - Confuse                        Hexes                        3
   e - Dazzling Spray                 Conjuration/Hexes            3
   f - Enslavement                    Hexes                        4
Comestibles
 d - 2 bread rations
 f - a royal jelly


   Skills:
 * Level 2.8 Short Blades
 - Level 3.0 Dodging
 * Level 8.4 Stealth
 - Level 2.6 Spellcasting
 - Level 3.6 Hexes
 - Level 0.4 Ice Magic


You had 3 spell levels left.
You knew the following spells:

 Your Spells              Type           Power        Failure   Level  Hunger
a - Corona                Hex            ##.....      6%          1    #......
b - Ensorcelled Hibernat  Hex/Ice        #.....       14%         2    ##.....
c - Confuse               Hex            ##......     14%         3    ###....


Dungeon Overview and Level Annotations

Branches:
Dungeon (3/15)

Altars:
Cheibriados
Fedhas


Innate Abilities, Weirdness & Mutations

You are tiny and cannot use many weapons and most armour.
You have supernaturally acute eyesight.
You are a herbivore.
You cover ground extremely quickly.
You need consume almost no food.


Message History

Aim: a ball python (chance 57%)
You miscast Ensorcelled Hibernation.
You are very lightly contaminated with residual magic.
Nothing appears to happen.
The adder bites you but does no damage. The ball python barely misses you. x2
The ball python constricts you. The ball python closely misses you.
The adder bites you.
You hit the ball python.
The ball python is heavily wounded.
The ball python misses you. The ball python barely misses you.
The ball python constricts you. The river rat bites you!
* * * LOW HITPOINT WARNING * * *
The ball python barely misses you. The adder barely misses you.
You hit the ball python.
You kill the ball python!
The ball python bites you but does no damage.
The ball python constricts you.
The giant newt hisses menacingly.
The ball python completely misses you. The river rat bites you.
You die...

###### ####SS@r####
###..SFSSSrr.#
##....lSlSrrr.r.#
##........Sr......#
#........##S.......
##......#+####...r.r
#......## #...r
#...≈≈≈# ..≈
#≈≈≈≈≈≈# ≈≈


You could see a giant frog, 2 adders, 3 river rats, 8 ball pythons, 2 giant
newts and 6 rats.

Vanquished Creatures
  2 river rats (Sewer)
  7 adders
  A giant mite (D:3)
  2 worms (D:2)
  2 oozes (D:1)
  An orc (D:3)
  2 giant cockroaches
  8 hobgoblins
  4 jackals (D:2)
  9 kobolds
  6 ball pythons
  15 bats
  2 giant geckos (D:1)
  3 giant newts
  3 goblins
  20 rats
87 creatures vanquished.

Notes
Turn   | Place    | Note
--------------------------------------------------------------
     0 | D:1      | Sachiko, the Spriggan Enchanter, began the quest for the Orb.
     0 | D:1      | Reached XP level 1. HP: 9/9 MP: 4/4
   194 | D:1      | Reached skill level 5 in Stealth
   199 | D:1      | Reached XP level 2. HP: 13/13 MP: 7/7
   368 | D:1      | Learned a level 2 spell: Ensorcelled Hibernation
   690 | D:1      | Reached XP level 3. HP: 16/16 MP: 9/9
   745 | D:2      | Reached skill level 6 in Stealth
   952 | D:2      | Reached XP level 4. HP: 18/21 MP: 8/12
  1076 | D:2      | Reached skill level 7 in Stealth
  1263 | D:2      | Found a blossoming altar of Fedhas.
  1274 | D:2      | Found a snail-covered altar of Cheibriados.
  1300 | D:2      | Learned a level 3 spell: Confuse
  1365 | D:3      | Found a glowing drain.
  1370 | Sewer    | Entered a sewer
  1527 | Sewer    | Reached XP level 5. HP: 10/24 MP: 5/14
  1530 | Sewer    | Reached skill level 8 in Stealth
  1698 | Sewer    | Noticed a giant frog
  1698 | Sewer    | Noticed a giant frog
  1733 | Sewer    | Slain by a river rat

Action                   |  1- 3 |  4- 6 || total
-------------------------+-------+-------++-------
Melee: Dagger            |   128 |   152 ||   280
 Cast: Ensorcelled Hiber |     7 |    24 ||    31
  Use: Potion            |     3 |       ||     3
       Scroll            |     4 |     4 ||     8
 Stab: Sleeping          |    15 |    22 ||    37
